cohdb
Replays
Latest Replays
All Replays
Popular Replays
Top Player Replays
Match Explorer
How It Works
Community
CoH3 Stats
Reddit
Sign in to upload your games and track your stats! →
Sign in with Steam
Match 47261274
Unlisted
Match 47261274
Overview
Messages
Build Orders
End
Panzerpioneer Squad
Panzergrenadier Squad
250 Light Carrier
Construct Light Support Kompanie
MG34 Team
Assault Grenadier Squad
Assault Grenadier Squad
Selects Panzerjäger Kommand Battlegroup
Selects Tank Busters
Panzerjäger Mechanized Group
Combat Half-tracks
Selects Crew Shock Tactics
Selects Mine Fields
Construct Mechanized Kompanie
8 Rad Armored Car
2.5-tonne Medical Truck
Selects Defensive Positions
Vehicle Survival Package
Support Armor Elements
StuG III D Assault Gun
Emergency Repair Kits
Construct Panzerarmee Kommand
Armored Reserves
Crew Shock Tactics
Panzer IV Assault Group
Veteran Squad Leaders
Panzerpioneer Squad
Crew Shock Tactics
Tiger Heavy Tank
Panzerjäger Squad
Walking Stuka Rocket Launcher
Selects Anti-tank Overwatch
Selects Butterfly Bomb Drop
Rapid Advance
Tungsten Core Ammunition
Goodvyn
Spaghetti
0
0
Comments
sign in to comment!
No comments posted yet!